 Dungeon Crawl Stone Soup version 0.19-a0-994-g3c636f0 (webtiles) character file.

3703 Gagarin the Cleaver (level 9, -4/123 HPs)
             Began as a Minotaur Fighter on July 16, 2016.
             Was a Priest of Makhleb.
             Killed from afar by an efreet (25 damage)
             ... with a fireball
             ... on level 8 of the Dungeon.
             The game lasted 00:15:42 (6551 turns).

Gagarin the Cleaver (Minotaur Fighter)              Turns: 6551, Time: 00:15:43

Health: -4/123     AC: 24    Str: 24    XL:     9   Next: 91%
Magic:  8/8        EV:  2    Int:  5    God:    Makhleb [***...]
Gold:   453        SH:  7    Dex: 10    Spells: 0 memorised, 8 levels left

rFire  . . .     SeeInvis .     R - +3 war axe (freeze)
rCold  . . .     Gourm    .     (armour currently unavailable)
rNeg   + + +     Faith    .     q - +2 buckler
rPois  +         Spirit   .     (helmet currently unavailable)
rElec  .         Dismiss  .     (cloak currently unavailable)
rCorr  .         Reflect  .     (gloves currently unavailable)
SustAt .         Harm     .     (boots currently unavailable)
MR     .....     NoTele   +     (no amulet)
Stlth  ++........               (no ring)
                                (no ring)

@: tree-form, not resistant to hostile enchantments, unstealthy
A: (retaliatory headbutt), (horns 0)
a: Minor Destruction, Lesser Servant of Makhleb, Renounce Religion


You were on level 8 of the Dungeon.
You worshipped Makhleb.
Makhleb was most pleased with you.
You were hungry.
You were a tree.
You visited 1 branch of the dungeon, and saw 8 of its levels.

You collected 453 gold pieces.

Inventory:

Hand Weapons
 i - a +3 mace
 n - a +0 hunting sling
 R - a +3 war axe of freezing (weapon)
Missiles
 o - 229 stones
 u - 8 tomahawks of dispersal (quivered)
Armour
 c - a +0 shield
 q - a +2 buckler (worn)
 r - a +2 buckler
 t - a +0 plate armour (melded)
 z - a +0 pair of gloves (melded)
 C - a +0 cloak (melded)
 H - a +0 pair of boots (melded)
Jewellery
 a - an uncursed ring of magical power {unknown}
 m - an uncursed ring of see invisible {unknown}
Wands
 x - a wand of acid (12/15)
 J - a wand of digging (4/24)
Scrolls
 e - a scroll of fear
 j - 2 scrolls of magic mapping
 k - 5 scrolls of identify
 l - 4 scrolls of teleportation
 y - a scroll of amnesia {unknown}
 D - 2 scrolls of remove curse
 G - 2 scrolls of blinking
 I - a scroll of enchant armour {unknown}
 K - 2 scrolls of enchant weapon {unknown}
 L - a scroll of random uselessness {unknown}
 N - a scroll of brand weapon {unknown}
Potions
 b - 2 potions of curing {unknown}
 d - 2 potions of haste {unknown}
 p - a potion of berserk rage {unknown}
 s - 2 potions of lignification
 v - a potion of resistance {unknown}
 w - 2 potions of mutation {unknown}
 A - 2 potions of cancellation {unknown}
 B - 4 potions of agility {unknown}
 E - a potion of experience {unknown}
 F - a potion of invisibility {unknown}
 M - 5 potions of heal wounds {unknown}
Books
 P - a Necronomicon

   Spells                             Type                      Level
   a - Haunt                          Necromancy/Summoning         7
   b - Borgnjor's Revivification      Necromancy                   8
   c - Death's Door                   Charms/Necromancy            8
   d - Infestation                    Necromancy                   8
   e - Necromutation                  Transmutation/Necromancy     8
Comestibles
 f - 9 bread rations
 g - 2 meat rations
 O - 2 royal jellies


   Skills:
 + Level 8.3 Fighting
 + Level 9.2 Axes
 + Level 2.0 Slings
 + Level 8.7 Armour
 + Level 4.2 Dodging
 + Level 0.8 Stealth
 + Level 8.6 Shields
 * Level 0.2 Invocations


You had 8 spell levels left.
You didn't know any spells.

Dungeon Overview and Level Annotations

Branches:
Dungeon (8/15)             Temple (0/1) D:4
   Lair: D:8-11

Altars:
Elyvilon
Fedhas
Kikubaaqudgha
Makhleb
Nemelex Xobeh
Pakellas
Sif Muna
Trog
Xom
Yredelemnul
Zin
The Shining One

Shops:
D:5 :   D:6 %   D:8 %


Innate Abilities, Weirdness & Mutations

((You reflexively headbutt those who attack you in melee.))
((You have a pair of horns on your head.))


Message History

The fireball explodes!
The fireball engulfs you!
The fireball engulfs the efreet.
The efreet completely resists.
You hit the efreet. You freeze the efreet.
The efreet is lightly wounded.
The efreet barely misses you. You furiously retaliate!
You headbutt the efreet! You hit the efreet but do no damage.
The efreet is moderately wounded.
The efreet hits you with a scimitar of flaming!
* * * LOW HITPOINT WARNING * * *
The efreet burns you.
* * * LOW HITPOINT WARNING * * *
It was a potion of lignification.
You turn into a tree.
Your +0 cloak melds into your body.
Your +0 pair of gloves melds into your body.
Your +0 pair of boots melds into your body.
Your +0 plate armour melds into your body.
Your roots penetrate the ground.
The efreet gestures at you.
The fireball explodes!
The fireball engulfs you!
You die...

##.##.# # #.#
##..##.###..#####.#######.
#..## .##.................
#.## #.##.#####'#########+
#.# #.##.#......†..# #.#
##.#..#######.#.#
###.###.....#.......#
#...........#.###.#.#
##.#.##......'.R♣!.#.#
.....#.......#.#.###.#
....##.......# #.. ...
....##÷†.....# #.#####
(...##....<..# ...
....##.......# ###
....##.......#
....##.......#
....##.......#


You could see an efreet.

Vanquished Creatures
  A spriggan (D:7)
  A wyvern (D:8)
  A hungry ghost (D:7)
  Duvessa (D:7)
  An orc warrior (D:7)
  2 sky beasts
  2 ice beasts
  3 phantoms
  4 ogres
  4 giant frogs (D:6)
  Dowan (D:7)
  A scorpion (D:8)
  A water moccasin skeleton (D:5)
  A howler monkey (D:6)
  12 wights
  6 crimson imps
  3 centaur zombies
  A quasit (D:7)
  4 giant frog skeletons
  4 hounds
  A jelly (D:5)
  Crazy Yiuf (D:3)
  2 orc priests
  2 centaur skeletons
  Ijyb (D:2)
  5 worker ants
  An orc wizard (D:4)
  2 hound zombies
  3 gnolls (D:3)
  A worker ant zombie (D:7)
  9 adders
  2 shadow imps
  2 oozes (D:2)
  An adder skeleton (D:7)
  A worm (D:1)
  2 dart slugs
  4 giant geckos
  5 orcs
  7 giant cockroaches
  16 goblins
  6 hobgoblins
  9 jackals
  4 quokkas
  2 ball pythons
  8 bats
  A giant gecko zombie (D:7)
  4 giant newts
  A jackal zombie (D:5)
  6 kobolds
  A quokka skeleton (D:5)
  4 rats
  A bush (D:3)
  A fungus (D:3)
170 creatures vanquished.

Vanquished Creatures (others)
  An adder skeleton (D:8)
1 creature vanquished.

Grand Total: 171 creatures vanquished

Notes
Turn   | Place    | Note
-------+----------+-------------------------------------------
     0 | D:1      | Gagarin the Minotaur Fighter began the quest for the Orb.
     0 | D:1      | Reached XP level 1. HP: 19/19 MP: 0/0
   251 | D:1      | You fall through a shaft!
   450 | D:1      | Reached XP level 2. HP: 27/27 MP: 1/1
   764 | D:2      | Reached XP level 3. HP: 23/33 MP: 2/2
   831 | D:2      | Reached skill level 1 in Dodging
   941 | D:2      | Noticed Ijyb
   954 | D:2      | Killed Ijyb
   954 | D:2      | Reached XP level 4. HP: 33/41 MP: 3/3
  1248 | D:2      | Found an oddly glowing altar of Pakellas.
  1397 | D:2      | Found a shimmering altar of Xom.
  1397 | D:2      | Found a burning altar of Makhleb.
  1401 | D:2      | Became a worshipper of Makhleb the Destroyer
  1464 | D:2      | Found a faded altar of an unknown god.
  1482 | D:2      | Reached skill level 3 in Axes
  1491 | D:2      | Found an ancient bone altar of Kikubaaqudgha.
  1493 | D:2      | Found a glowing golden altar of the Shining One.
  1688 | D:2      | Found a bloodstained altar of Trog.
  1926 | D:3      | Reached XP level 5. HP: 40/47 MP: 4/4
  2072 | D:3      | Reached * piety under Makhleb
  2406 | D:3      | Found a runed door.
  2410 | D:3      | Noticed Crazy Yiuf
  2422 | D:3      | Killed Crazy Yiuf
  2529 | D:4      | Found a staircase to the Ecumenical Temple.
  2567 | D:4      | Reached skill level 5 in Fighting
  2600 | D:4      | HP: 2/48 [poisoned by a worker ant]
  2916 | D:4      | Reached skill level 5 in Armour
  2919 | D:4      | Noticed an ogre
  2931 | D:4      | Killed an ogre
  2931 | D:4      | Reached skill level 4 in Axes
  2931 | D:4      | Reached skill level 5 in Shields
  2931 | D:4      | Reached XP level 6. HP: 54/56 MP: 5/5
  2951 | D:4      | Found a sparkling altar of Nemelex Xobeh.
  3232 | D:4      | Reached XP level 7. HP: 61/61 MP: 6/6
  3684 | D:5      | Entered Level 5 of the Dungeon
  3772 | D:5      | Reached skill level 5 in Axes
  3818 | D:5      | Reached skill level 1 in Slings
  4046 | D:5      | Found a blossoming altar of Fedhas.
  4077 | D:5      | Found Sypap's Book Emporium.
  4158 | D:5      | Reached ** piety under Makhleb
  4444 | D:5      | Reached XP level 8. HP: 70/70 MP: 7/7
  4527 | D:6      | Found Dehelel's Food Shoppe.
  4534 | D:6      | Reached skill level 6 in Axes
  4678 | D:6      | Found a white marble altar of Elyvilon.
  4837 | D:6      | Found a basalt altar of Yredelemnul.
  4899 | D:6      | Reached skill level 7 in Axes
  5170 | D:6      | Reached XP level 9. HP: 79/79 MP: 8/8
  5408 | D:7      | Noticed Dowan
  5410 | D:7      | Noticed Duvessa
  5420 | D:7      | Killed Duvessa
  5424 | D:7      | Killed Dowan
  5424 | D:7      | Reached *** piety under Makhleb
  5424 | D:7      | Reached skill level 8 in Axes
  5671 | D:7      | Found a glowing silver altar of Zin.
  6043 | D:7      | Found a deep blue altar of Sif Muna.
  6285 | D:8      | Reached skill level 9 in Axes
  6304 | D:8      | Noticed an efreet
  6522 | D:8      | Found Ciosoyva's Food Shop.
  6551 | D:8      | Killed from afar by an efreet

Vault maps used:
D:1:      lemuel_arrival_muddy
D:2:      kennysheep_goblin_castle, gammafunk_temple_overflow_wave,
          nicolae_overflow_hidden_temple, ecumenical_altar_1
D:3:      uniq_crazy_yiuf_cottage
D:4:      lemuel_coloured_pillars_altar, first_bread
D:5:      serial_shops, kennysheep_mini_moat, minmay_misc_feat_room,
          fedhas_altar_2
D:6:      kennysheep_ying_yang, serial_shops, shop, kennysheep_dice
D:7:      zin_scriptorium, led_sif_pool, the_bakery, uniq_duvessa
D:8:      grunt_lair_entry_orc_guard_hut, serial_shops, shop,
          minmay_the_grid_4x2

Skill      XL: |  1  2  3  4  5  6  7  8  9 |
---------------+----------------------------+-----
Fighting       | 4 5 7 8 |  8.3
Armour         | 4 5 6 7 8 |  8.7
Dodging        | 1 2 3 4 |  4.2
Shields        | 4 5 6 7 8 |  8.6
Axes           | 3 4 5 7 9 |  9.2
Slings         | 1 2 |  2.0
Stealth        | |  0.8
Invocations    | |  0.2

Action                   |  1- 3 |  4- 6 |  7- 9 || total
-------------------------+-------+-------+-------++-------
Melee: War axe           |    71 |   166 |   295 ||   532
       Headbutt          |    12 |    25 |    59 ||    96
       Hand axe          |       |       |    18 ||    18
 Fire: Hunting sling     |       |     6 |     4 ||    10
  Use: Potion            |       |     1 |     1 ||     2
       Scroll            |       |       |     9 ||     9
  Eat: Chunk             |       |     8 |    10 ||    18
       Beef jerky        |       |       |     1 ||     1
Armor: Scale mail        |    38 |    11 |       ||    49
       Plate armour      |       |    65 |   179 ||   244
Dodge: Dodged            |    31 |    40 |    97 ||   168
Block: Shield            |    34 |       |       ||    34
       Buckler           |     8 |    48 |   100 ||   156
